 Dungeon Crawl Stone Soup version 0.27.1-33-g824d729ab1 (webtiles) character file.

Game seed: 6569202063294851677

2 jlumianski the Skirmisher (level 1, 0/14 HPs)
             Began as a Gargoyle Monk on Dec 19, 2021.
             Slain by a jackal (2 damage)
             ... on level 1 of the Dungeon.
             The game lasted 00:00:22 (27 turns).

jlumianski the Skirmisher (Gargoyle Monk)             Turns: 27, Time: 00:00:23

Health: 0/14       AC:  4    Str: 14    XL:     1   Next: 30%
Magic:  1/1        EV: 12    Int: 10    God:
Gold:   0          SH:  0    Dex: 12    Spells: 0/0 levels left

rFire    . . .     SeeInvis .   a - +0 hand axe
rCold    . . .     Faith    .   (no shield)
rNeg     + . .     Spirit   .   b - +0 robe
rPois    ∞         Reflect  .   (no helmet)
rElec    +         Harm     .   (no cloak)
rCorr    .         Rampage  .   (no gloves)
Will     .....                  (no boots)
Stlth    ++........             (no amulet)
HPRegen  0.04/turn              (no ring)
MPRegen  0.07/turn              (no ring)

@: no status effects
A: sickness immunity, AC +2, negative energy resistance 1, electricity
resistance, torment resistance 1, petrification resistance
a: no special abilities


You were on level 1 of the Dungeon.
You visited 1 branch of the dungeon, and saw 1 of its levels.

Inventory:

Hand Weapons
 a - a +0 hand axe (weapon)
Armour
 b - a +0 robe (worn)


   Skills:
 + Level 3.3 Fighting
 + Level 2.7 Axes
 + Level 2.4 Dodging
 + Level 2.2 Stealth


You couldn't memorise any spells.
You didn't know any spells.
Your spell library was empty.

Dungeon Overview and Level Annotations

Branches:
Dungeon (1/15)

Altars:


Innate Abilities, Weirdness & Mutations

You are immune to sickness and miasma.
Your stone body is resilient. (AC +2)
You are immune to poison.
You resist negative energy. (rN+)
You are resistant to electric shocks. (rElec)
You are resistant to unholy torment.
You are immune to petrification.


Message History

The plant begins to die.
The jackal bites the plant.
The endoplasm hits you but does no damage.
The hobgoblin hits the plant.
The rat bites the plant.
The plant begins to die.
The kobold closely misses you.
The jackal bites the plant.
You barely miss the endoplasm. You closely miss the kobold.
A nearby plant withers and dies. x2; The jackal bites the plant.
The plant begins to die.
The endoplasm hits you.
The hobgoblin hits the plant.
The rat bites the plant.
The plant begins to die.
The kobold hits you but does no damage.
You hit the endoplasm.
The endoplasm is moderately wounded.
You barely miss the kobold.
A nearby plant withers and dies.
The jackal bites the plant.
The plant begins to die.
The endoplasm barely misses you.
The rat bites the plant.
The jackal bites the plant.
The kobold misses you.
The jackal bites the plant.
The plant begins to die.
The endoplasm misses you.
You hit the endoplasm.
You kill the endoplasm!
You hit the kobold but do no damage.
A nearby plant withers and dies. x2
The rat bites the plant.
The plant begins to die.
The jackal bites the plant.
The kobold closely misses you.
The jackal bites the plant.
The rat bites the plant.
A nearby plant withers and dies. x3; The kobold hits you with a +0 whip.
* * * LOW HITPOINT WARNING * * *
You closely miss the kobold.
The kobold is moderately wounded.
You hit the plant but do no damage.
A nearby plant withers and dies.
The jackal bites the plant.
The plant begins to die.
The kobold closely misses you.
The rat bites the plant.
The jackal bites the plant.
You hit the kobold.
You kill the kobold!
You hit the plant but do no damage.
The jackal bites the plant.
The plant begins to die.
The jackal barely misses you.
The rat bites the plant.
The plant begins to die.
You hit the jackal.
You kill the jackal!
You hit the plant.
The plant begins to die.
You closely miss the jackal.
The jackal bites the plant.
The jackal bites you.
You die...

P.P.PP.P.PP.P.PP...#.
P.P.P.PPP.P.P........
P.P.PP.P.PP.P......#.
P.PP.PP.PP.........#
PP.PP.PPP.P......>.#
PP.PPP...PP..........
PPP..PP.PP.gPr.......


PPPPP...h.PPPPhP..... PPPPPPP@).PPPPPP..... .....................
##########........... .....##...# ##.#### ...# #.# ?. .# You could see 2
jackals, a hobgoblin and a rat.

Vanquished Creatures
  An endoplasm (D:1)
  A jackal (D:1)
  A kobold (D:1)
3 creatures vanquished.

Vanquished Creatures (others)
  27 plants (D:1)
27 creatures vanquished.

Grand Total: 30 creatures vanquished

Notes
Turn   | Place    | Note
-------+----------+-------------------------------------------
     0 | D:1      | jlumianski the Gargoyle Monk began the quest for the Orb.
     0 | D:1      | Reached XP level 1. HP: 14/14 MP: 1/1
    27 | D:1      | Slain by a jackal

Illustrated notes

Levels and vault maps discovered:
D:1:      roderic_crop_circles_arrival_small, layout_basic

Action                   || total
-------------------------++-------
Melee: Hand axe          ||     9
Armor: Robe              ||     3
Dodge: Dodged            ||     9
